cohdb
Replays
Latest Replays
All Replays
Popular Replays
Top Player Replays
Match Explorer
How It Works
Community
CoH3 Stats
Reddit
Sign in to upload your games and track your stats! →
Sign in with Steam
Match 37682381
Unlisted
Match 37682381
Overview
Messages
Build Orders
End
Vickers Machine Gun Team
Construct Section Command Post
Infantry Section
ML 3-inch Mortar Team
Infantry Section
Construct Platoon Command Post
CMP 15cwt Truck
Infantry Section
Royal Engineer Section
Selects Air and Sea Battlegroup
Selects Supply Surplus
Selects Commando Section Paradrop
Selects M1 Pack Howitzer Paradrop
Forward Retreat Point
6-pounder Anti-tank Gun Team
Unlock Bishop Self-propelled Artillery
Construct Company Command Post
Unlock M3 Grant Medium Tanks
M3 Grant Medium Tank
M3 Grant Medium Tank
Selects Anti-tank Rocket Loiter
MuniekPL
chiuchiu63333
CrackSensation
BÖRK
Legend has it
Thrusher
0
0
Comments
sign in to comment!
No comments posted yet!